AoeStats
← 海旋风

Black Forest

503801296Analyzed
4v4 RM · 1mo ago on Sep 2, 2026· 66m 6s· 8 players
Game mode
Random Map
Map size
Large (8 player)
Population
200
Speed
Normal
Resources
Standard
Victory
Conquest
Starting age
Dark Age
Ending age
Imperial Age
RankedLock teamsTeams togetherTeam positionsShared explorationLock speedFull tech treeHidden civsTurbo modeCheats
Victory
Defeat
🇵🇱 Persians · Poland
914
+13
894
+14
🇫🇷 Persians · France
813
+17
🇨🇳 Ethiopians · China
806
+18
🇪🇸 Italians · Spain
886
-17
🇳🇴 Bohemians · Norway
850
-16
🇦🇹 Turks · Austria
816
-14
🇦🇲 Khmer · Armenia
814
-14
kris10an
15:03 Feudal Age
21:51 Castle Age
21:52 Wheelbarrow
21:54 Double-Bit Axe
23:32 Bow Saw
25:27 Hand Cart
26:52 Fervor
35:08 Imperial Age
33:17 Forging
33:07 Scale Mail Armor
36:18 Iron Casting
35:59 Chain Mail Armor
35:49 Squires
35:40 Pikeman
37:58 Two-Man Saw
37:18 Halberdier
41:50 Chemistry
40:56 Siege Engineers
41:12 Ballistics
41:54 Blast Furnace
41:24 Plate Mail Armor
43:36 Conscription
42:59 Houfnice
Swimling
14:10 Feudal Age
19:00 Castle Age
18:16 Double-Bit Axe
23:09 Fishing Lines
23:27 Horse Collar
24:05 Gillnets
33:01 Imperial Age
32:31 Bow Saw
32:24 Loom
33:30 Wheelbarrow
32:41 Town Watch
33:41 Padded Archer Armor
33:38 Fletching
35:52 Hand Cart
35:38 Town Patrol
35:52 Heavy Plow
35:50 Bodkin Arrow
36:11 Leather Archer Armor
36:11 Squires
36:47 Ballistics
36:48 Bombard Tower
36:14 Elite Janissary
37:22 Conscription
38:00 Bloodlines
38:46 Artillery
El Broski
Hrashq
0:50 Loom
12:41 Feudal Age
17:14 Castle Age
26:07 Horse Collar
27:05 Wheelbarrow
26:26 Gold Mining
28:02 Double-Bit Axe
31:08 Heavy Plow
35:00 Imperial Age
33:03 Tusk Swords
35:36 Bow Saw
35:49 Elite Ballista Elephant
36:50 Conscription
37:57 Ballistics
38:38 Chemistry
39:18 Caravan
40:48 Crop Rotation
40:46 Double Crossbow
42:23 Hand Cart
41:57 Town Watch
43:41 Gold Shaft Mining
43:39 Coinage
55:08 Banking
Thorgall
0:30 Loom
16:20 Feudal Age
17:32 Wheelbarrow
17:05 Gold Mining
17:07 Stone Mining
17:08 Double-Bit Axe
19:02 Horse Collar
25:26 Town Watch
27:47 Castle Age
29:12 Hand Cart
29:38 Thumb Ring
28:54 Crossbowman
29:42 Heavy Plow
32:39 Bow Saw
34:32 Town Watch
36:20 Kamandaran
37:50 Caravan
42:21 Imperial Age
40:04 Town Patrol
41:00 Pikeman
41:40 Squires
41:26 Arson
41:27 Gambesons
41:03 Man-at-Arms
43:06 Guilds
43:59 Conscription
43:50 Citadels
43:01 Elite War Elephant
44:17 Hoardings
44:31 Crop Rotation
45:41 Scale Barding Armor
45:47 Forging
48:04 Bloodlines
47:54 Husbandry
47:15 Light Cavalry
48:53 Fletching
49:03 Padded Archer Armor
49:40 Iron Casting
49:26 Chain Barding Armor
49:06 Scale Mail Armor
48:40 Sappers
50:18 Halberdier
53:04 Cavalier
56:42 Savar
61:45 Blast Furnace
62:23 Chemistry
61:20 Murder Holes
61:35 Masonry
61:46 Ballistics
62:46 Plate Barding Armor
62:08 Bodkin Arrow
62:28 Leather Archer Armor
62:29 Chain Mail Armor
海旋风
5:02 Loom
13:46 Feudal Age
16:54 Double-Bit Axe
19:16 Castle Age
19:19 Wheelbarrow
21:28 Bow Saw
21:02 Horse Collar
28:43 Hand Cart
28:15 Town Watch
31:23 Imperial Age
29:35 Gold Mining
29:39 Stone Mining
33:46 Two-Man Saw
32:51 Town Patrol
33:29 Caravan
35:00 Onager
35:20 Crossbowman
36:35 Arbalester
37:22 Thumb Ring
39:20 Coinage
39:00 Guilds
38:52 Fletching
39:07 Padded Archer Armor
39:18 Forging
39:10 Scale Mail Armor
39:56 Gold Shaft Mining
39:56 Stone Shaft Mining
40:25 Chemistry
39:41 Fortified Wall
40:24 Heavy Plow
40:26 Murder Holes
40:52 Ballistics
40:23 Guard Tower
40:44 Masonry
40:33 Bodkin Arrow
40:54 Leather Archer Armor
42:08 Siege Onager
44:24 Squires
44:10 Arson
44:32 Halberdier
48:04 Torsion Engines
48:57 Conscription
50:10 Keep
49:26 Heated Shot
49:41 Siege Engineers
54:06 Man-at-Arms
56:32 Sappers
62:27 Capped Ram
Person of non-colour (He/ Him)
0:55 Loom
14:22 Feudal Age
14:50 Horse Collar
15:35 Double-Bit Axe
21:38 Castle Age
20:22 Gold Mining
20:28 Stone Mining
22:11 Scale Barding Armor
22:22 Forging
24:13 Heavy Plow
24:25 Bow Saw
27:33 Fishing Lines
31:02 Imperial Age
28:48 Scale Mail Armor
29:28 Iron Casting
30:51 Chain Mail Armor
30:38 Squires
32:05 Wheelbarrow
33:24 Chemistry
34:08 Stone Shaft Mining
34:08 Elite Ghulam
36:41 Two-Man Saw
35:30 Town Watch
36:03 Hand Cart
35:27 Elite Skirmisher
36:45 Conscription
37:32 Caravan
38:07 Coinage
38:21 Hoardings
38:29 Fletching
38:40 Padded Archer Armor
39:04 Ballistics
39:34 Shatagni
39:35 Grand Trunk Road
40:43 Bodkin Arrow
41:03 Leather Archer Armor
41:40 Thumb Ring
41:58 Bracer
42:58 Blast Furnace
42:57 Ring Archer Armor
43:00 Masonry
42:58 Siege Engineers
44:55 Banking
44:54 Pikeman
59:00 Fortified Wall
61:22 Arson
63:20 Chain Barding Armor
65:18 Man-at-Arms
E_A_bad_monkey
11:09 Feudal Age
11:31 Double-Bit Axe
17:39 Wheelbarrow
20:36 Castle Age
18:57 Horse Collar
19:14 Stone Mining
21:26 Bow Saw
31:19 Caravan
33:06 Gold Mining
35:51 Imperial Age
33:39 Hand Cart
33:13 Loom
33:14 Town Watch
36:01 Elite War Elephant
37:02 Conscription
37:38 Caravan
39:11 Forging
39:02 Scale Mail Armor
39:08 Scale Barding Armor
40:19 Cavalier
40:59 Husbandry
41:10 Bloodlines
41:50 Savar
43:39 Heavy Plow
44:25 Gold Shaft Mining
44:28 Stone Shaft Mining
47:38 Iron Casting
47:19 Chain Mail Armor
47:25 Chain Barding Armor
49:40 Onager
56:18 Chemistry
55:38 Ballistics
55:16 Murder Holes
Connection lost

Rejoining the realm…

Still unreachable

The connection could not be restored.

Session expired

The server has moved on; the page needs a fresh start.